AoeStats
← NuMa | JuanMan

Nomad

510198238Analyzed
2v2 RM · 4d ago on Sep 29, 2026· 48m 11s· 4 players
Game mode
Random Map
Map size
176×176
Population
200
Speed
Normal
Resources
Standard
Victory
Conquest
Starting age
Dark Age
Ending age
Imperial Age
RankedLock teamsTeams togetherTeam positionsShared explorationLock speedFull tech treeHidden civsTurbo modeCheats
Victory
Defeat
🇦🇷 Spanish · Argentina
1429
+15
🇨🇴 Vietnamese · Colombia
1271
+21
🇨🇴 Varangians · Colombia
1409
-19
🇨🇴 Malay · Colombia
1369
-17
CORP_Maquiover
9:05 Loom
13:43 Feudal Age
17:50 Castle Age
16:00 Double-Bit Axe
16:08 Gold Mining
17:06 Fletching
18:02 Crossbowman
22:20 Bodkin Arrow
30:15 Wheelbarrow
31:08 Horse Collar
34:04 Stone Mining
37:16 Imperial Age
35:00 Padded Archer Armor
35:32 Bow Saw
37:04 Ballistics
37:14 Hand Cart
38:24 Paper Money
38:32 Arbalester
39:50 Thumb Ring
40:14 Bracer
43:39 Chemistry
45:24 Leather Archer Armor
CORP_Solano
3:39 Loom
13:38 Feudal Age
19:06 Castle Age
17:14 Fletching
20:16 Double-Bit Axe
30:19 Wheelbarrow
29:51 Horse Collar
30:26 Bow Saw
30:18 Town Watch
35:30 Imperial Age
33:58 Scale Barding Armor
34:04 Forging
34:15 Heavy Plow
36:56 Cavalier
40:52 Chain Barding Armor
41:45 Bloodlines
43:28 Plate Barding Armor
43:04 Gold Mining
44:47 Iron Casting
46:30 Husbandry
Camo
4:58 Loom
14:28 Feudal Age
15:22 Double-Bit Axe
16:05 Fishing Lines
17:42 Wheelbarrow
20:44 Castle Age
19:28 Fletching
19:22 Horse Collar
19:34 Gold Mining
19:53 Town Watch
21:52 Bow Saw
21:31 Arson
21:47 Squires
21:32 Gambesons
22:05 Scale Mail Armor
22:15 Forging
22:23 Medium Warships
23:07 Chain Mail Armor
27:25 Iron Casting
31:27 Careening
33:27 Bodkin Arrow
37:56 Gillnets
41:25 Imperial Age
39:15 Heavy Plow
40:42 Ballistics
41:09 Hand Cart
43:42 Plate Mail Armor
44:14 Stone Mining
44:59 Elite Varangian Guard
47:38 Conscription
49:05 Chemistry
48:18 Masonry
NuMa | JuanMan
4:36 Loom
13:30 Feudal Age
13:19 Fishing Lines
13:26 Double-Bit Axe
19:39 Castle Age
18:50 Scale Barding Armor
18:58 Forging
19:28 Gillnets
21:24 Husbandry
32:53 Town Watch
35:50 Bow Saw
38:09 Iron Casting
40:24 Gold Mining
44:13 Imperial Age
45:52 Thalassocracy
47:52 Blast Furnace
Connection lost

Rejoining the realm…

Still unreachable

The connection could not be restored.

Session expired

The server has moved on; the page needs a fresh start.